AA
EAGLE RIVER FAT BOYS @ FREDERICK STARS
05/14/2060
 
TOP OF THE 1ST
Eagle River Fat Boys batting - Pitching for Frederick Stars : RHP Frank Shell
Pitching: RHP Frank Shell
Batting: RHB Cody Cox 0-0: Ball
1-0: Ball
2-0: Foul Ball, location: 2F
2-1: Fly out, F9 (Flyball, 9D, EV 102.5 MPH)
Batting: SHB Stanford Morris 0-0: Ball
1-0: Swinging Strike
1-1: Ball
2-1: Foul Ball, location: 2F
2-2: Ball
3-2: Strikes out looking
Batting: LHB Drew Katus 0-0: Called Strike
0-1: SOLO HOME RUN (Line Drive, 8RXD, EV 116.2 MPH), Distance : 445 ft
Batting: SHB James Van Doorne 0-0: Swinging Strike
0-1: Ball
1-1: Ball
2-1: Foul Ball, location: 2F
2-2: Strikes out swinging
Top of the 1st over - 1 run, 1 hit, 0 errors, 0 left on base; Eagle River 1 - Frederick 0
BOTTOM OF THE 1ST
Frederick Stars batting - Pitching for Eagle River Fat Boys : LHP Corbin Piracha
Pitching: LHP Corbin Piracha
Batting: RHB Mitchell Metz 0-0: Called Strike
0-1: Ground out 4-3 (Groundball, 4, EV 87.5 MPH)
Batting: LHB Brad Moore 0-0: Called Strike
0-1: Swinging Strike
0-2: Strikes out swinging
Batting: RHB Jay Atwood 0-0: Called Strike
0-1: Ground out 6-3 (Groundball, 6, EV 106.9 MPH)
Bottom of the 1st over - 0 runs, 0 hits, 0 errors, 0 left on base; Eagle River 1 - Frederick 0
TOP OF THE 2ND
Eagle River Fat Boys batting - Pitching for Frederick Stars : RHP Frank Shell
Batting: RHB Theo Sposato 0-0: Called Strike
0-1: Swinging Strike
0-2: Strikes out looking
Batting: RHB Melville Axon 0-0: Called Strike
0-1: Ball
1-1: Ball
2-1: Foul Ball, location: 2F
2-2: Foul Ball, location: 2F
2-2: Strikes out swinging
Batting: RHB J.T. Villagran 0-0: Ball
1-0: Ball
2-0: Ball
3-0: Called Strike
3-1: Foul Ball, location: 2F
3-2: Foul Ball, location: 2F
3-2: Ground out 6-3 (Groundball, 6, EV 103.1 MPH)
Top of the 2nd over - 0 runs, 0 hits, 0 errors, 0 left on base; Eagle River 1 - Frederick 0
BOTTOM OF THE 2ND
Frederick Stars batting - Pitching for Eagle River Fat Boys : LHP Corbin Piracha
Batting: RHB Furman Mendoza 0-0: Ground out 6-3 (Groundball, 6, EV 111.2 MPH)
Batting: RHB Fabyon Choi 0-0: Ball
1-0: Called Strike
1-1: Called Strike
1-2: Ball
2-2: Fly out, F8 (Flyball, 8LD, EV 97.5 MPH)
Batting: RHB Abraham Koziarz 0-0: Foul Ball, location: 2F
0-1: Fly out, F8 (Flyball, 89M, EV 90.0 MPH)
Bottom of the 2nd over - 0 runs, 0 hits, 0 errors, 0 left on base; Eagle River 1 - Frederick 0
TOP OF THE 3RD
Eagle River Fat Boys batting - Pitching for Frederick Stars : RHP Frank Shell
Batting: SHB Matthew Stambaugh 0-0: Foul Ball, location: 2F
0-1: Fly out, F9 (Flyball, 9, EV 85.0 MPH)
Batting: RHB Lew Torres 0-0: Called Strike
0-1: Swinging Strike
0-2: Ball
1-2: Ball
2-2: Strikes out swinging
Batting: RHB Cody Cox 0-0: Swinging Strike
0-1: Foul Ball, location: 2F
0-2: Ball
1-2: Ball
2-2: Strikes out swinging
Top of the 3rd over - 0 runs, 0 hits, 0 errors, 0 left on base; Eagle River 1 - Frederick 0
BOTTOM OF THE 3RD
Frederick Stars batting - Pitching for Eagle River Fat Boys : LHP Corbin Piracha
Batting: RHB Carston Abidugun 0-0: Ground out 4-3 (Groundball, 4S, EV 66.9 MPH)
Batting: LHB Harrison Ruto 0-0: Foul Ball, location: 2F
0-1: Called Strike
0-2: Foul Ball, location: 2F
0-2: Strikes out swinging
Batting: SHB Lane Nixon 0-0: Ball
1-0: Ball
2-0: Ball
3-0: Called Strike
3-1: Base on Balls
Batting: RHB Mitchell Metz 0-0: Called Strike
0-1: Ball
1-1: Ball
2-1: DOUBLE (Flyball, 8RXD, EV 98.8 MPH)
Lane Nixon to third
Batting: LHB Brad Moore 0-0: Ball
1-0: Ball
2-0: Ball
3-0: Base on Balls
Batting: RHB Jay Atwood 0-0: Ball
1-0: Called Strike
1-1: Ball
2-1: Fielders Choice at 2nd, 5-4 (Groundball, 56, EV 76.2 MPH)
Bottom of the 3rd over - 0 runs, 1 hit, 0 errors, 3 left on base; Eagle River 1 - Frederick 0
TOP OF THE 4TH
Eagle River Fat Boys batting - Pitching for Frederick Stars : RHP Frank Shell
Batting: SHB Stanford Morris 0-0: Foul Ball, location: 2F
0-1: Ball
1-1: SINGLE (Line Drive, 6D, EV 98.1 MPH)
Batting: LHB Drew Katus 0-0: Ball
1-0: Ball
2-0: Ball
3-0: Base on Balls
Stanford Morris to second
Batting: SHB James Van Doorne 0-0: Ball
1-0: Ball
2-0: Ball
3-0: Fly out, F6 (Popup, 6, EV 71.2 MPH)
Batting: RHB Theo Sposato 0-0: DOUBLE (Line Drive, 8LD, EV 102.5 MPH)
Stanford Morris scores
Drew Katus to third
Batting: RHB Melville Axon 0-0: Ball
1-0: Called Strike
1-1: Foul Ball, location: 2F
1-2: Foul Ball, location: 2F
1-2: Ball
2-2: Ground out 6-3 (Groundball, 56, EV 81.9 MPH)
Drew Katus scores
Batting: RHB J.T. Villagran 0-0: SINGLE (Groundball, 6MD, EV 98.8 MPH)
Theo Sposato to third
Batting: SHB Matthew Stambaugh 0-0: Ball
1-0: Foul Ball, location: 2F
1-1: Foul Ball, location: 2F
1-2: Foul Ball, location: 2F
1-2: Ball
2-2: Strikes out swinging
Top of the 4th over - 2 runs, 3 hits, 0 errors, 2 left on base; Eagle River 3 - Frederick 0
BOTTOM OF THE 4TH
Frederick Stars batting - Pitching for Eagle River Fat Boys : LHP Corbin Piracha
Batting: RHB Furman Mendoza 0-0: Swinging Strike
0-1: Swinging Strike
0-2: Fly out, F8 (Flyball, 8LD, EV 101.9 MPH)
Batting: RHB Fabyon Choi 0-0: Ball
1-0: DOUBLE (Flyball, 8RXD, EV 106.2 MPH)
Batting: RHB Abraham Koziarz 0-0: Ground out 5-3 (Groundball, 5, EV 83.8 MPH)
Batting: RHB Carston Abidugun 0-0: Ball
1-0: Ball
2-0: Ball
3-0: Called Strike
3-1: Base on Balls
Batting: LHB Harrison Ruto 0-0: Ball
1-0: Ball
2-0: Called Strike
2-1: Foul Ball, location: 2F
2-2: Ball
3-2: Foul Ball, location: 2F
3-2: Fly out, F9 (Flyball, 89D, EV 95.0 MPH)
Bottom of the 4th over - 0 runs, 1 hit, 0 errors, 2 left on base; Eagle River 3 - Frederick 0
TOP OF THE 5TH
Eagle River Fat Boys batting - Pitching for Frederick Stars : RHP Frank Shell
Pitching: RHP Elias Krause
Batting: RHB Lew Torres 0-0: Called Strike
0-1: Ball
1-1: Ball
2-1: Foul Ball, location: 2F
2-2: DOUBLE (Flyball, 8RXD, EV 95.6 MPH)
Batting: RHB Cody Cox 0-0: Ground out 6-3 (Groundball, 6, EV 85.0 MPH)
Lew Torres to third
Batting: SHB Stanford Morris 0-0: Ball
1-0: Ball
2-0: SINGLE (Line Drive, 6D, EV 98.1 MPH)
Lew Torres scores
Batting: LHB Drew Katus 0-0: Foul Ball, location: 2F
0-1: Ball
1-1: Ball
2-1: Fielders Choice at 2nd, 4-6 (Groundball, 4, EV 93.8 MPH)
Batting: SHB James Van Doorne 0-0: Called Strike
0-1: Ball
1-1: Ball
2-1: Called Strike
Drew Katus is caught stealing 2nd base 2-6
Top of the 5th over - 1 run, 2 hits, 0 errors, 0 left on base; Eagle River 4 - Frederick 0
BOTTOM OF THE 5TH
Frederick Stars batting - Pitching for Eagle River Fat Boys : LHP Corbin Piracha
Batting: SHB Lane Nixon 0-0: Ball
1-0: Foul Ball, location: 2F
1-1: Called Strike
1-2: Strikes out swinging
Batting: RHB Mitchell Metz 0-0: Called Strike
0-1: Called Strike
0-2: Ball
1-2: Ball
2-2: Ball
3-2: Base on Balls
Batting: LHB Brad Moore 0-0: Ball
1-0: Ball
2-0: Swinging Strike
2-1: Foul Ball, location: 2F
2-2: SINGLE (Flyball, 9LM, EV 105.0 MPH)
Mitchell Metz to second
Batting: RHB Jay Atwood 0-0: Ball
1-0: Grounds into double play, 6-4-3 (Groundball, 6S, EV 86.2 MPH)
Bottom of the 5th over - 0 runs, 1 hit, 0 errors, 1 left on base; Eagle River 4 - Frederick 0
TOP OF THE 6TH
Eagle River Fat Boys batting - Pitching for Frederick Stars : RHP Elias Krause
Batting: SHB James Van Doorne 0-0: Called Strike
0-1: Ground out 6-3 (Groundball, 6, EV 90.0 MPH)
Batting: RHB Theo Sposato 0-0: Ground out 6-3 (Groundball, 56D, EV 100.0 MPH)
Batting: RHB Melville Axon 0-0: Ball
1-0: Ball
2-0: Ground out 6-3 (Groundball, 6, EV 80.0 MPH)
Top of the 6th over - 0 runs, 0 hits, 0 errors, 0 left on base; Eagle River 4 - Frederick 0
BOTTOM OF THE 6TH
Frederick Stars batting - Pitching for Eagle River Fat Boys : LHP Corbin Piracha
Batting: RHB Furman Mendoza 0-0: Ball
1-0: SINGLE (Line Drive, 6D, EV 98.1 MPH)
Batting: RHB Fabyon Choi 0-0: Ball
1-0: Ball
2-0: Fly out, F4 (Popup, 3S, EV 85.0 MPH)
Batting: RHB Abraham Koziarz 0-0: Called Strike
0-1: Swinging Strike
0-2: Fly out, F4 (Line Drive, 4, EV 61.9 MPH)
Lined into DP, 4-3 (Line Drive, 4, EV 61.9 MPH)
Bottom of the 6th over - 0 runs, 1 hit, 0 errors, 0 left on base; Eagle River 4 - Frederick 0
TOP OF THE 7TH
Eagle River Fat Boys batting - Pitching for Frederick Stars : RHP Elias Krause
Batting: RHB J.T. Villagran 0-0: Called Strike
0-1: Ball
1-1: Called Strike
1-2: Foul Ball, location: 2F
1-2: Ground out 5-3 (Groundball, 56S, EV 76.2 MPH)
Batting: SHB Matthew Stambaugh 0-0: Ball
1-0: Swinging Strike
1-1: SINGLE (Line Drive, 4D, EV 106.2 MPH)
Batting: RHB Lew Torres 0-0: Ball
1-0: Called Strike
1-1: Ball
2-1: Grounds out, U3 (Groundball, 3L, EV 80.0 MPH)
Batting: RHB Cody Cox 0-0: Ball
1-0: Ball
2-0: Fly out, F9 (Flyball, 89S, EV 87.5 MPH)
Top of the 7th over - 0 runs, 1 hit, 0 errors, 1 left on base; Eagle River 4 - Frederick 0
BOTTOM OF THE 7TH
Frederick Stars batting - Pitching for Eagle River Fat Boys : LHP Corbin Piracha
Batting: RHB Carston Abidugun 0-0: Ball
1-0: Foul Ball, location: 2F
1-1: Foul Ball, location: 2F
1-2: Ball
2-2: Ball
3-2: Foul Ball, location: 2F
3-2: Foul Ball, location: 2F
3-2: Base on Balls
Batting: LHB Harrison Ruto 0-0: Called Strike
0-1: Foul Ball, location: 2F
0-2: Ball
1-2: Foul Ball, location: 2F
1-2: Foul Ball, location: 2F
1-2: Strikes out looking
Batting: SHB Lane Nixon 0-0: Called Strike
0-1: SINGLE (Line Drive, 34D, EV 95.0 MPH)
Carston Abidugun to second
Batting: RHB Mitchell Metz 0-0: Foul Ball, location: 2F
0-1: Swinging Strike
0-2: Strikes out swinging
Batting: LHB Brad Moore 0-0: Called Strike
0-1: Ground out 4-3 (Groundball, 34, EV 81.9 MPH)
Bottom of the 7th over - 0 runs, 1 hit, 0 errors, 2 left on base; Eagle River 4 - Frederick 0
TOP OF THE 8TH
Eagle River Fat Boys batting - Pitching for Frederick Stars : RHP Elias Krause
Pitching: RHP Max Pennington
Batting: SHB Stanford Morris 0-0: Swinging Strike
0-1: Swinging Strike
0-2: Foul Ball, location: 2F
0-2: Foul Ball, location: 2F
0-2: Strikes out swinging
Batting: LHB Drew Katus 0-0: Ball
1-0: Ball
2-0: Ball
3-0: Base on Balls
Batting: SHB James Van Doorne 0-0: Ball
1-0: Grounds into double play, 4-6-3 (Groundball, 34, EV 83.1 MPH)
Top of the 8th over - 0 runs, 0 hits, 0 errors, 0 left on base; Eagle River 4 - Frederick 0
BOTTOM OF THE 8TH
Frederick Stars batting - Pitching for Eagle River Fat Boys : LHP Corbin Piracha
Pitching: RHP Hakim Andrus
Batting: RHB Jay Atwood 0-0: Ball
1-0: Ball
2-0: Called Strike
2-1: Swinging Strike
2-2: Ball
3-2: Hit by Pitch
Batting: RHB Furman Mendoza 0-0: Ball
1-0: Foul Ball, location: 2F
1-1: Ball
2-1: Ball
3-1: Swinging Strike
3-2: Ground out 6-3 (Groundball, 6S, EV 92.5 MPH)
Jay Atwood to second
Batting: RHB Fabyon Choi 0-0: Ball
1-0: Ground out 6-3 (Groundball, 6, EV 85.0 MPH)
Pinch Hitting: LHB Earnest Feher 0-0: Ball
1-0: Ball
2-0: SINGLE (Groundball, 56D, EV 105.0 MPH)
Jay Atwood to third
Throwing error, E7
Jay Atwood scores
Earnest Feher to second
Batting: RHB Carston Abidugun 0-0: Ball
1-0: Foul Ball, location: 2F
1-1: Called Strike
1-2: Strikes out swinging
Bottom of the 8th over - 1 run, 1 hit, 1 error, 1 left on base; Eagle River 4 - Frederick 1
TOP OF THE 9TH
Eagle River Fat Boys batting - Pitching for Frederick Stars : RHP Max Pennington
Now at SS: Brad Moore
Now in CF: Grant Kaputa
Batting: RHB Theo Sposato 0-0: Swinging Strike
0-1: Foul Ball, location: 2F
0-2: Foul Ball, location: 2F
0-2: Ball
1-2: Ball
2-2: Foul Ball, location: 2F
2-2: Foul Ball, location: 2F
2-2: Strikes out swinging
Batting: RHB Melville Axon 0-0: Foul Ball, location: 2F
0-1: Swinging Strike
0-2: Strikes out swinging
Batting: RHB J.T. Villagran 0-0: Called Strike
0-1: Ball
1-1: Ball
2-1: Ball
3-1: Ground out 6-3 (Groundball, 6, EV 85.6 MPH)
Top of the 9th over - 0 runs, 0 hits, 0 errors, 0 left on base; Eagle River 4 - Frederick 1
BOTTOM OF THE 9TH
Frederick Stars batting - Pitching for Eagle River Fat Boys : RHP Hakim Andrus
Pitching: RHP Spence Hackney
Batting: LHB Harrison Ruto 0-0: Fly out, F7 (Flyball, 78M, EV 95.0 MPH)
Batting: SHB Lane Nixon 0-0: Ground out 6-3 (Groundball, 6, EV 88.8 MPH)
Batting: RHB Mitchell Metz 0-0: Called Strike
0-1: Ball
1-1: Ball
2-1: Ball
3-1: Called Strike
3-2: Foul Ball, location: 2F
3-2: Foul Ball, location: 2F
3-2: Strikes out swinging
Bottom of the 9th over - 0 runs, 0 hits, 0 errors, 0 left on base; Eagle River 4 - Frederick 1
Monday, April 29th , 2024 - OOTP Baseball 23.10 Build 110